 Dungeon Crawl Stone Soup version 0.31-a0-366-ga77b45bd9b (webtiles) character file.

Game seed: 1321104913100278436

570 Chiseanne the Sneak (level 7, 0/48 HPs)
             Began as an Octopode Wanderer on July 28, 2023.
             Slain by an orc
             ... wielding a +0 flail
              (3 damage)
             ... on level 4 of the Dungeon.
             The game lasted 00:11:43 (2388 turns).

Chiseanne the Sneak (Octopode Wanderer)             Turns: 2388, Time: 00:11:43

Health: 0/48       AC:  1    Str: 20    XL:     7   Next: 34%
Magic:  8/8        EV: 14    Int: 12    God:
Gold:   157        SH:  0    Dex: 13    Spells: 7/8 levels left

rFire   . . .        a - +2 short sword (venom)
rCold   . . .        (no shield)
rNeg    . . .        (helmet restricted)
rPois   .            (no amulet)
rElec   .            k - +6 ring of strength
rCorr   .            (no ring)
SInv    .            (no ring)
Will    .....        (no ring)
Stlth   ++++         (no ring)
HPRegen 0.28/turn    (no ring)
MPRegen 0.11/turn    (no ring)
                     (no ring)

%: no passive effects
@: no status effects
A: almost no armour, amphibious, 8 rings, camouflage 1, gelatinous body 1,
(nimble swimmer 1), tentacles
a: no special abilities


You were on level 4 of the Dungeon.
You visited 1 branch of the dungeon, and saw 5 of its levels.

You collected 157 gold pieces.

Inventory:

Hand Weapons
 a - a +2 short sword of venom (weapon)
 h - a +0 scimitar
 p - a +0 war axe of holy wrath
 s - a +0 rapier
Missiles
 b - 13 boomerangs
 f - 3 throwing nets
 g - 35 stones
 r - 11 poisoned darts (quivered)
Jewellery
 k - a +6 ring of strength (left tentacle)
Wands
 c - a wand of flame (1)
Potions
 d - a potion of curing
 j - 2 potions of enlightenment {unknown}
 l - a potion of berserk rage {unknown}
 m - a potion of lignification {unknown}
 o - a potion of haste {unknown}


   Skills:
 * Level 4.2 Fighting
 - Level 1.0 Throwing
 * Level 4.1 Dodging
 * Level 6.0 Stealth
 - Level 1.0 Spellcasting
 - Level 3.0 Ice Magic
 - Level 5.4 Evocations


You had 7 spell levels left.
You knew the following spells:

 Your Spells              Type           Power      Damage    Failure   Level
a - Freeze                Ice            28%        1d5       9%          1

Your spell library contained the following spells:

 Spells                   Type           Power      Damage    Failure   Level
 Hailstorm                Conj/Ice       4%         3d4       43%         3


Dungeon Overview and Level Annotations

Branches:
Dungeon (5/15)
 Temple: D:4-7

Altars:
Trog
The Shining One

Annotations:
D:2 exclusion: downstairs


Innate Abilities, Weirdness & Mutations

You cannot wear most types of armour.
You are amphibious.
You can wear up to eight rings at the same time.
Your skin changes colour to match your surroundings (Stealth+).
Your rubbery body absorbs attacks. (AC +1, EV +1)
((You are camouflaged when in or above water. (Stealth+)))
You have tentacles for arms and can constrict up to eight enemies at once.


Message History

Blork the orc is severely wounded.
You constrict Blork the orc.
Blork the orc points at you and mumbles some strange words.
The puff of frost hits you!
You hit Blork the orc.
You kill Blork the orc!
Your Dodging skill increases to level 4!
Something hits you.
You miss something. You tentacle-slap something. Your squeeze misses something.
You hear some strange, mumbled words.
A puff of flame appears from out of thin air!
The puff of flame hits you!
You barely miss something. Something hits you.
You miss something. Something hits you.
You hit something. Your squeeze misses something.
You hear some strange, mumbled words.
You are confused.
You're too confused to move!
Something hits you.
You bump into the rock wall.
Reactivating autopickup.
You feel a bit more experienced.
Your Stealth skill increases to level 6!
You bump into the rock wall.
The orc closely misses you.
You bump into the rock wall.
The orc barely misses you.
You bump into the rock wall.
You feel less confused. The orc hits you with a +0 falchion.
You barely miss the orc. You grab the orc. You constrict the orc.
The orc hits you with a +0 falchion.
* * * LOW HITPOINT WARNING * * *
You hit the orc.
You kill the orc!
An orc priest comes into view. It is wielding a +0 whip.
You aren't carrying any scrolls.
Unknown command.
The orc attacks as you move away! The orc barely misses you.
The orc attacks as you move away! The orc hits you with a +0 flail!
* * * LOW HITPOINT WARNING * * *
The orc attacks as you move away! The orc hits you with a +0 flail.
You die...

........# ........#
........# ........#
........# .......>## .
.........# ...
#######.o########.....
#..)...o@.......
#.#########.....
#.#....... ...
#)#....... #
#o........
#...........
#.......#### #.......#
###.......


You could see an orc priest (wandering) and an orc.

Vanquished Creatures
  A black bear (D:5)
  2 ogres (D:5)
  Blork the orc (D:4)
  A howler monkey (D:5)
  An iguana (D:2)
  Jessica (D:3)
  Natasha (D:3)
  2 orc wizards
  An adder (D:3)
  A worm (D:2)
  3 dart slugs
  9 orcs
  An endoplasm (D:2)
  2 giant cockroaches
  4 goblins
  5 hobgoblins (D:1)
  2 quokkas
  7 ball pythons
  6 bats
  4 frilled lizards
  5 kobolds
  7 rats
67 creatures vanquished.

Notes
Turn   | Place    | Note
-------+----------+-------------------------------------------
     0 | D:1      | Chiseanne the Octopode Wanderer began the quest for the
                  | Orb.
     0 | D:1      | Chiseanne set off with the following items: a +0 dagger, 10
                  | boomerangs, a wand of flame (12), a potion of curing; and
                  | the following spell memorised: Freeze; and the following
                  | spells available to memorise: Hailstorm.
     0 | D:1      | Reached XP level 1. HP: 11/11 MP: 2/2
    90 | D:1      | Reached skill level 1 in Stealth
   113 | D:1      | Reached XP level 2. HP: 16/18 MP: 3/3
   294 | D:1      | Reached skill level 1 in Fighting
   294 | D:1      | Reached skill level 1 in Dodging
   481 | D:1      | Found a faded altar of an unknown god.
   769 | D:2      | Reached skill level 2 in Stealth
   769 | D:2      | Reached XP level 3. HP: 23/23 MP: 4/4
  1235 | D:3      | Noticed Natasha
  1235 | D:3      | Noticed a black bear
  1283 | D:3      | Noticed Jessica
  1303 | D:3      | Killed Jessica
  1304 | D:3      | Reached XP level 4. HP: 29/29 MP: 5/5
  1328 | D:2      | Reached skill level 3 in Stealth
  1605 | D:3      | Killed Natasha
  1606 | D:3      | Reached XP level 5. HP: 34/35 MP: 6/6
  1632 | D:3      | You fall into a shaft and drop 2 floors!
  1632 | D:5      | Entered Level 5 of the Dungeon
  1711 | D:5      | Found a glowing golden altar of the Shining One.
  1752 | D:5      | Reached skill level 4 in Stealth
  1755 | D:5      | Noticed an ogre
  1760 | D:5      | Killed an ogre
  1761 | D:5      | Reached XP level 6. HP: 42/42 MP: 7/7
  2064 | D:5      | Noticed a black bear
  2104 | D:5      | Found a bloodstained altar of Trog.
  2130 | D:5      | Reached skill level 5 in Stealth
  2193 | D:5      | Killed a black bear
  2194 | D:5      | Reached XP level 7. HP: 31/48 MP: 8/8
  2359 | D:4      | Noticed Blork the orc
  2368 | D:4      | Killed Blork the orc
  2379 | D:4      | Reached skill level 6 in Stealth
  2388 | D:4      | Slain by an orc

Illustrated notes

Levels and vault maps discovered:
D:1:      grunt_arrival_crossed_arrows, layout_basic,
          shapermc_ecumenical_altar_hornbeckon, st_stairs_1
D:2:      layout_rooms
D:3:      cheibrodos_helix_gallery, layout_rooms, uniq_jessica, uniq_natasha
D:4:      layout_basic, portal_sewer_entry_f, serial_shops, shop,
          minmay_shop_damaged, uniq_blork_the_orc
D:5:      layout_cave_pods, mainiacjoe_overflow_surrounded_room,
          nicolae_tso_carved_into_rock, kennysheep_generic_room_12

Skill      XL: |  1  2  3  4  5  6  7 |
---------------+----------------------+-----
Stealth        | 1 2 3 4 5 6 |  6.0
Fighting       | 1 2 3 4 |  4.2
Dodging        | 1 2 3 4 |  4.1
Throwing       | |  1.0
Spellcasting   | |  1.0
Ice Magic      | |  3.0
Evocations     | |  5.4

Action                     |  1- 3 |  4- 6 |  7- 9 || total
---------------------------+-------+-------+-------++-------
  Melee: Dagger            |    15 |       |       ||    15
         Tentacles         |    10 |    10 |     2 ||    22
         Constrict         |    18 |    13 |     4 ||    35
         Short sword       |    41 |    48 |    14 ||   103
         Rapier            |     9 |       |       ||     9
         Punch             |     1 |     1 |     1 ||     3
  Throw: Boomerang         |       |     5 |       ||     5
         Dart              |       |     7 |       ||     7
  Evoke: Wand              |     1 |    10 |       ||    11
    Use: Scroll            |       |     5 |       ||     5
         Potion            |       |     1 |       ||     1
   Stab: Sleeping          |     7 |     4 |       ||    11
         Distracted        |       |     1 |       ||     1
 Armour: Skin              |    15 |     3 |       ||    18
  Dodge: Dodged            |    26 |    31 |     7 ||    64

Table legend: (Time is in decaauts)
 A = Elapsed time spent in this place.
 B = Non-inter-level travel time spent in this place.
 C = Inter-level travel time spent in this place.
 D = Time resting spent in this place.
 E = Time spent auto-exploring this place.
 F = Levels seen in this place.
 G = Mean time per level.
                   A        B        C        D        E       F      G
               +--------+--------+--------+--------+--------+-----+--------+
         Total |   2389 |   2308 |     81 |    462 |   1030 |   5 |  477.8 |
       Dungeon |   2389 |   2308 |     81 |    462 |   1030 |   5 |  477.8 |
               +--------+--------+--------+--------+--------+-----+--------+

Top non-repeatable levels by time:
     D:1: 761 daAuts
     D:5: 718 daAuts
     D:2: 568 daAuts
     D:3: 303 daAuts
     D:4: 36 daAuts
